 Dungeon Crawl Stone Soup version 0.28.0 (webtiles) character file.

Game seed: 1687950667288041518

74 SnakkuSnakku7 the Insei (level 4, -2/24 HPs)
             Began as a Deep Elf Transmuter on Feb 8, 2022.
             Killed from afar by an orc wizard (12 damage)
             ... with a puff of flame
             ... on level 3 of the Dungeon.
             The game lasted 00:03:45 (2460 turns).

SnakkuSnakku7 the Insei (Deep Elf Transmuter)       Turns: 2460, Time: 00:03:47

Health: -2/24      AC:  4    Str:  7    XL:     4   Next: 10%
Magic:  10/10      EV: 12    Int: 20    God:
Gold:   124        SH:  0    Dex: 15    Spells: 5/9 levels left

rFire   . . .      SeeInvis .     - Unarmed
rCold   . . .      Faith    .   (no shield)
rNeg    . . .      Spirit   .   a - +0 robe
rPois   .          Reflect  .   k - +0 helmet
rElec   .          Harm     .   (no cloak)
rCorr   .          Rampage  .   f - +0 pair of gloves
Will    .....                   (no boots)
Stlth   +.........              (no amulet)
HPRegen 0.08/turn               (no ring)
MPRegen 0.12/turn               (no ring)

@: no status effects
A: no striking features
a: no special abilities


You were on level 3 of the Dungeon.
You visited 1 branch of the dungeon, and saw 3 of its levels.

You collected 124 gold pieces.

Inventory:

Missiles
 e - 37 arrows
Armour
 a - a +0 robe (worn)
 f - a +0 pair of gloves (worn)
 k - a +0 helmet (worn)
Wands
 j - a wand of polymorph (8)
Scrolls
 b - a scroll of identify {unknown}
 c - a scroll of enchant armour {unknown}
 d - 2 scrolls of teleportation {unknown}
 h - a scroll of fog {unknown}
 l - a scroll of enchant weapon {unknown}
 o - a scroll of vulnerability {unknown}
Potions
 g - 2 potions of curing {unknown}
 i - a potion of brilliance {unknown}
 m - a potion of berserk rage {unknown}
 n - a potion of mutation {unknown}


   Skills:
 - Level 0.7 Fighting
 - Level 2.4 Dodging
 + Level 3.3 Unarmed Combat
 - Level 3.0 Spellcasting
 - Level 3.1 Transmutations
 + Level 1.7 Poison Magic


You had 5 spell levels left.
You knew the following spells:

 Your Spells              Type           Power      Damage    Failure   Level
a - Beastly Appendage     Tmut           30%        N/A       4%          1
b - Spider Form           Tmut/Pois      12%        N/A       16%         3

Your spell library contained the following spells:

 Spells                   Type           Power      Damage    Failure   Level
 Wereblood                Tmut           15%        N/A       6%          2
 Ice Form                 Ice/Tmut       9%         N/A       58%         4


Dungeon Overview and Level Annotations

Branches:
Dungeon (3/15)

Altars:


Message History

You hit the frilled lizard. Your kick misses the frilled lizard.
The frilled lizard is heavily wounded.
The frilled lizard bites you.
You barely miss the frilled lizard. Your kick misses the frilled lizard.
The frilled lizard is heavily wounded.
The frilled lizard bites you.
You barely miss the frilled lizard. You claw the frilled lizard.
You kill the frilled lizard!
Things that are here:
a frilled lizard corpse; a frilled lizard corpse; a frilled lizard corpse
There is a stone staircase leading up here.
There is a stone staircase leading up here.
You climb upwards.
There is a stone staircase leading down here.
You start resting.
Your transformation is almost over.
Your horns disappear.
Your talons disappear.
Your +0 helmet unmelds from your body.
You start resting.
HP restored.
Casting: Beastly Appendage (safe; 4% risk of failure)
Confirm with . or Enter, or press ? or * to list all spells.
Okay, then.
You climb downwards.
There is a stone staircase leading up here.
You now have 124 gold pieces (gained 8).
Things that are here:
a frilled lizard corpse; a frilled lizard corpse; a frilled lizard corpse An orc wizard comes into view.
It is wielding a +0 dagger.
The orc wizard casts a spell at you. The puff of flame hits you!
The orc wizard casts a spell at you. The magic dart hits you.
Things that are here:
a frilled lizard corpse; a frilled lizard corpse; a frilled lizard corpse
There is a stone staircase leading up here.
The orc wizard casts a spell at you. The puff of flame hits you!
Ouch! That really hurt!
You die...

##### ######...#
#....o...##########
#.####.....†@.....####
#.# #######.........#
#.# #####.........#
#.##
#.................
#..#
#.###......######.
#.#.# ###.....##.#
#o......#....P..##.#
##...##.#....#####.#
#..## #....# #.#


You could see an orc wizard.

Vanquished Creatures
  Robin (D:2)
  An adder (D:2)
  2 bats
  4 endoplasms
  A giant cockroach (D:2)
  8 goblins
  8 hobgoblins
  4 jackals (D:1)
  3 kobolds (D:2)
  3 ball pythons (D:2)
  11 frilled lizards
  6 rats
52 creatures vanquished.

Vanquished Creatures (others)
  7 plants
7 creatures vanquished.

Grand Total: 59 creatures vanquished

Notes
Turn   | Place    | Note
-------+----------+-------------------------------------------
     0 | D:1      | SnakkuSnakku7 the Deep Elf Transmuter began the quest for
                  | the Orb.
     0 | D:1      | Reached XP level 1. HP: 11/11 MP: 6/6
   157 | D:1      | Reached XP level 2. HP: 16/16 MP: 8/8
  1114 | D:2      | Noticed Robin
  1193 | D:1      | Reached XP level 3. HP: 17/20 MP: 7/9
  1197 | D:1      | Learned a level 3 spell: Spider Form
  1253 | D:2      | Killed Robin
  1318 | D:2      | Reached skill level 1 in Poison Magic
  1663 | D:2      | Found a faded altar of an unknown god.
  2104 | D:2      | Reached XP level 4. HP: 22/24 MP: 10/10
  2460 | D:3      | Killed from afar by an orc wizard

Illustrated notes

Levels and vault maps discovered:
D:1:      roderic_crop_circles_arrival_small, layout_loops_ring
D:2:      layout_basic, hellmonk_ecumenical_altar_crossroads, uniq_robin
D:3:      layout_loops_ring, minmay_lizard_king

Skill      XL: |  1  2  3 |
---------------+----------+-----
Transmutations | 3 |  3.1
Unarmed Combat | 3 |  3.3
Poison Magic   | 1 |  1.7
Fighting       | |  0.7
Dodging        | |  2.4
Spellcasting   | |  3.0

Action                   |  1- 3 |  4- 6 || total
-------------------------+-------+-------++-------
Melee: Unarmed           |   136 |    15 ||   151
       Kick              |    27 |     3 ||    30
       Headbutt          |    12 |     1 ||    13
       Punch             |     1 |       ||     1
 Cast: Beastly Appendage |    18 |     1 ||    19
 Stab: Sleeping          |     3 |       ||     3
Armor: Robe              |    35 |     2 ||    37
Dodge: Dodged            |    79 |     5 ||    84
